AoeStats
← Gamboche

Arabia

509678065Analyzed
1v1 RM · 6d ago on Sep 27, 2026· 51m 29s· 2 players
Game mode
Random Map
Map size
Tiny (2 player)
Population
200
Speed
Normal
Resources
Standard
Victory
Conquest
Starting age
Dark Age
Ending age
Imperial Age
RankedLock teamsTeams togetherTeam positionsShared explorationLock speedFull tech treeHidden civsTurbo modeCheats
Victory
Defeat
🇩🇪 Jurchens · Germany
1265
+17
🇦🇷 Magyars · Argentina
1294
-17
Steve aus Long Island
6:29 Loom
9:15 Feudal Age
9:47 Double-Bit Axe
14:01 Fletching
23:53 Castle Age
22:12 Padded Archer Armor
23:33 Horse Collar
24:04 Crossbowman
24:42 Bodkin Arrow
25:58 Leather Archer Armor
25:34 Pikeman
26:14 Squires
26:27 Forging
27:18 Bow Saw
29:47 Scale Mail Armor
32:30 Elite Skirmisher
34:08 Ballistics
34:28 Wheelbarrow
33:39 Town Watch
37:48 Hand Cart
37:33 Town Patrol
41:03 Imperial Age
39:50 Murder Holes
40:46 Iron Casting
44:30 Two-Man Saw
45:47 Blast Furnace
45:03 Chain Mail Armor
45:30 Elite Fire Lancer
48:52 Chemistry
47:43 Guard Tower
48:00 Siege Engineers
48:05 Masonry
49:00 Bracer
49:31 Ring Archer Armor
48:53 Gold Mining
48:55 Stone Mining
50:17 Arson
Gamboche
7:24 Loom
9:17 Feudal Age
9:36 Man-at-Arms
15:21 Scale Barding Armor
20:31 Town Watch
23:42 Castle Age
21:48 Fletching
22:45 Bloodlines
23:18 Padded Archer Armor
24:38 Bodkin Arrow
24:59 Leather Archer Armor
24:32 Double-Bit Axe
26:23 Wheelbarrow
26:35 Horse Collar
29:06 Bow Saw
45:07 Imperial Age
Connection lost

Rejoining the realm…

Still unreachable

The connection could not be restored.

Session expired

The server has moved on; the page needs a fresh start.